 Dungeon Crawl Stone Soup version 0.28-a0-973-ga7f8b01127 (webtiles) character file.

Game seed: 16344625131790010011

178938 browni3141 the Protected (level 16, -12/216 HPs)
             Began as a Demigod Fighter on Dec 2, 2021.
             Succumbed to a redback's poison
             ... on level 4 of the Lair of Beasts.
             The game lasted 02:03:41 (42192 turns).

browni3141 the Protected (Demigod Fighter)         Turns: 42192, Time: 02:03:41

Health: -12/216    AC: 15    Str: 22    XL:     16   Next: 73%
Magic:  10/10      EV:  2    Int:  8    God:
Gold:   26         SH:  0    Dex: 33    Spells: 15/15 levels left

rFire   + . .      SeeInvis .   D - +3 eveningstar (drain)
rCold   . . .      Faith    .   Y - +2 buckler {AC+3}
rNeg    + + .      Spirit   .   (armour currently unavailable)
rPois   +          Reflect  +   (helmet currently unavailable)
rElec   .          Harm     .   (cloak currently unavailable)
rCorr   .          Rampage  .   (gloves currently unavailable)
Will    +....      NoTele   +   (boots currently unavailable)
Stlth   +.........              M - amulet of reflection
HPRegen 0.46/turn               p - ring of flight
MPRegen 0.12/turn               i - ring "Lillopt Jiek" {rF+ rN++ MP-9 Str+5}

@: confused, lethally poisoned (-12 -> -61), tree-form, corroded, on berserk
cooldown, slowed, invisible, very slow
A: stationary, stasis, torment immunity, boosted hp, high mp 1, forlorn, divine
attributes, dopey 1
}: 1/15 runes: decaying
a: no special abilities


You were on level 4 of the Lair of Beasts.
You were a tree.
You visited 5 branches of the dungeon, and saw 28 of its levels.
You visited 1 bazaar.
You also visited: Ice Cave.

You collected 3131 gold pieces.
You spent 3105 gold pieces at shops.

Inventory:

Hand Weapons
 w - a +0 triple crossbow
 D - a +3 eveningstar of draining (weapon)
Missiles
 h - 172 bolts
 j - 2 throwing nets
 u - 7 curare-tipped darts
Armour
 k - a +0 pair of gloves of strength
 x - a scarf of invisibility (melded)
 z - a +2 crystal plate armour of cold resistance (melded)
 F - the +0 pair of gloves of Gluttony (melded) {rPois Will+}
   (You bought it in a shop on level 2 of the Orcish Mines)

   rPois:     It protects you from poison.
   Will:      It increases your willpower.
 O - the +2 hood of the Assassin (melded) {Detection Stab+ Stlth++}
   (You acquired it on level 10 of the Dungeon)

   It allows the wearer to sense nearby creatures.
   It allows the wearer to make particularly effective stabbing attacks against
   helpless or unaware enemies with any weapon.
   Stlth:     It makes you much more stealthy.
 X - a +1 pair of boots of stealth (melded)
 Y - a +2 buckler of protection (worn)
Jewellery
 b - a ring of protection from fire
 d - a ring of wizardry
 i - the ring "Lillopt Jiek" (right branch) {rF+ rN++ MP-9 Str+5}
   (You acquired it on level 2 of the Lair of Beasts)

   [ring of protection from fire]

   Str:       It affects your strength (+5).
   rF:        It protects you from fire.
   rN:        It greatly protects you from negative energy.
   MP:        It affects your magic capacity (-9).
 p - a ring of flight (left branch)
 s - a ring of see invisible
 J - the ring of Nyiwuc {rC+ Int+4}
   (You found it in an ice cave)

   [ring of protection from cold]

   Int:       It affects your intelligence (+4).
   rC:        It protects you from cold.
 M - an amulet of reflection (around neck)
Wands
 a - a wand of flame (18)
 e - a wand of digging (2)
 q - a wand of charming (4)
 r - a wand of mindburst (13)
 y - a wand of paralysis (4)
 K - a wand of acid (9)
 V - a wand of iceblast (19)
Scrolls
 c - a scroll of enchant armour
 f - a scroll of holy word
 g - 9 scrolls of vulnerability
 m - 3 scrolls of fear
 o - 4 scrolls of immolation
 v - 6 scrolls of enchant weapon
 B - 4 scrolls of noise
 G - 2 scrolls of fog
 H - a scroll of magic mapping
 P - a scroll of silence
 S - 2 scrolls of brand weapon
Potions
 l - 9 potions of brilliance
 t - 2 potions of cancellation
 A - 3 potions of flight
 C - 3 potions of attraction
 E - 4 potions of resistance
 I - 4 potions of might
 N - 3 potions of haste
 R - 2 potions of mutation
 T - a potion of magic
 U - a potion of ambrosia
 Z - 2 potions of berserk rage
Miscellaneous
 n - a box of beasts
 Q - a phial of floods


   Skills:
 * Level 13.5 Fighting
 - Level 1.7 Long Blades
 * Level 12.4 Maces & Flails
 * Level 11.2 Crossbows
 * Level 13.5 Armour
 * Level 13.3 Dodging
 - Level 2.6 Shields
 - Level 10.0 Evocations


You had 15 spell levels left.
You didn't know any spells.
Your spell library contained the following spells:

 Spells                   Type           Power      Damage    Failure   Level
 Foxfire                  Conj/Fire      0%         2x1d4     45%         1
 Pain                     Necr           0%         1d4       45%         1
 Ensorcelled Hibernation  Hex/Ice        0%         N/A       61%         2
 Scorch                   Fire           0%         2d5       61%         2
 Static Discharge         Conj/Air       0%         N/A       61%         2
 Sublimation of Blood     Necr           0%         N/A       61%         2
 Wereblood                Tmut           0%         N/A       61%         2
 Call Canine Familiar     Summ           0%         N/A       83%         3
 Conjure Flame            Conj/Fire      0%         6-21      83%         3
 Dazzling Flash           Conj/Hex       0%         N/A       83%         3
 Frozen Ramparts          Ice            0%         1d2       83%         3
 Inner Flame              Hex/Fire       0%         N/A       83%         3
 Portal Projectile        Hex/Tloc       0%         N/A       83%         3
 Spider Form              Tmut/Pois      0%         N/A       83%         3
 Tukima's Dance           Hex            0%         N/A       83%         3
 Animate Armour           Summ/Erth      0%         N/A       99%         4
 Dispel Undead            Necr           0%         3d6       99%         4
 Flame Wave               Conj/Fire      0%         2d4       99%         4
 Ice Form                 Ice/Tmut       0%         N/A       99%         4
 Iskenderun's Mystic Bla  Conj/Tloc      0%         2d3       99%         4
 Leda's Liquefaction      Hex/Erth       0%         N/A       99%         4
 Passage of Golubria      Tloc           0%         N/A       99%         4
 Sticky Flame             Conj/Fire      0%         2d3       99%         4
 Summon Ice Beast         Ice/Summ       0%         N/A       99%         4
 Agony                    Necr           0%         N/A       100%        5
 Blade Hands              Tmut           0%         N/A       100%        5
 Excruciating Wounds      Necr           0%         N/A       100%        5
 Lightning Bolt           Conj/Air       0%         1d11      100%        5
 Yara's Violent Unravell  Hex/Tmut       0%         3d3       100%        5
 Dispersal                Tloc           0%         N/A       100%        6
 Iron Shot                Conj/Erth      0%         9d1       100%        6
 Starburst                Conj/Fire      0%         6d3       100%        6
 Summon Cactus Giant      Summ           0%         N/A       100%        6
 Summon Hydra             Summ           0%         N/A       100%        7
 Disjunction              Tloc           0%         N/A       100%        8
 Maxwell's Capacitive Co  Air            0%         ∞         100%        8


Dungeon Overview and Level Annotations

Branches:
Dungeon (15/15)            Temple (0/1) D:6            Lair (6/6) D:9
  Swamp (4/4) Lair:3       Spider (1/4) Lair:4        Slime (0/5) Lair:6
    Orc (2/2) D:12            Elf (0/3) Orc:2        Vaults (0/5) D:13
 Depths (0/4) D:15          IceCv (visited)

Shops:
D:7 (   D:10 ?   Orc:1 *   Orc:2 ::[=

Annotations:
Lair:1 2 runed translucent doors, Redcow54321's ghost, novice TrFi
Lair:4 1 runed translucent door, Xutikh's ghost, journeyman SpCA


Innate Abilities, Weirdness & Mutations

You are a tree.
Your roots penetrate the ground, keeping you stationary.
You cannot be teleported.
You are immune to unholy pain and torment.
Your maximum health is greatly increased.
Your equipment is partially melded.
You have an increased reservoir of magic. (+10% MP)
You shall have no god before yourself.
Your divine heritage dramatically boosts your attributes as you level up.
You are dopey. (Int -2)


Message History

The redback bites you.
* * * LOW HITPOINT WARNING * * *
The entropy weaver closely misses you. The entropy weaver hits you!
* * * LOW HITPOINT WARNING * * *
The entropy weaver hits you but does no damage.
The entropy weaver closely misses you. The tarantella barely misses you.
The redback misses you. The entropy weaver barely misses you.
The entropy weaver hits you!
* * * LOW HITPOINT WARNING * * *
The entropy weaver hits you but does no damage.
The entropy weaver barely misses you.
You are too confused!
You are too confused!
Really quaff the potion of lignification?
Okay, then.
Really quaff the potion of lignification?
You turn into a tree.
Your scarf of invisibility melds into your body.
The +2 hood of the Assassin {Detection Stab+ Stlth++} melds into your body.
The +0 pair of gloves of Gluttony {rPois Will+} melds into your body.
Your +1 pair of boots of stealth melds into your body.
Your +2 crystal plate armour of cold resistance melds into your body.
You feel less stealthy.
You feel less resistant to cold.
Your roots penetrate the ground.
The tarantella touches you but does no damage.
The redback completely misses you. The tarantella touches you.
* * * LOW HITPOINT WARNING * * *
The entropy weaver hits you but does no damage. x4
The redback bites you.
* * * LOW HITPOINT WARNING * * *
You are lethally poisoned!
The redback poisons you!
You are too confused!
Unknown command.
You cannot move. (Use ctrl+direction or * direction to attack without moving.) Unknown command.
You hit the tarantella but do no damage.
You drain the tarantella.
The tarantella is lightly wounded.
You die...

#..#..#####....####..###.........
#.##P'.#.##....PP#..+.#..........
#..P...........P.................
...................#.............
#.................##.............
...†.............##.^^##.......P.
P.†.†.†........###^^^##..........
...†###.P###...#.^^^.###.#.......
....##P.###...##♣...######.......
#..#.#..##...##sBs..##.##........
.............#..†.^####..#..#PP..
#.........##.#.>†.##..'.....###..
....###.####.#...###..####...####
...#.##.##...#.### #####....### #
#....##..#...##### ###..#.###
#................## ### #.......
........>.......#.###.####.......


You could see an entropy weaver (drained), a tarantella (drained) and a redback.

Vanquished Creatures
  Mlioglotl (Swamp:1)
  4 thorn hunters (Swamp:4)
  3 azure jellies (IceCv)
  Donald (Orc:2)
  A rockslime (IceCv)
  A stone giant (D:15)
  4 quicksilver oozes (IceCv)
  An entropy weaver (Lair:4)
  3 dire elephants
  Azrael (D:14)
  9 eleionomae
  2 bunyips
  Fannar (Orc:1)
  Harold (D:6)
  5 boulder beetles
  3 shambling mangroves
  13 hydras
  3 centaur warriors
  4 catoblepae
  17 death yaks
  A death knight (D:15)
  4 tengu warriors
  6 alligators
  6 two-headed ogres
  A deep troll shaman (Lair:6)
  8 orc high priests (Orc:2)
  A spriggan berserker (Swamp:1)
  9 spriggans
  Nergalle (D:11)
  6 goliath frogs
  4 spriggan druids
  6 swamp dragons
  9 bog bodies
  A wizard (D:15)
  A lindwurm (Lair:5)
  An orange crystal statue (IceCv)
  An orc knight (Orc:2)
  2 deep elf pyromancers
  3 wolf spiders
  An oklob plant (Lair:4)
  8 ugly things
  An orc sorcerer (Orc:2)
  5 cyclopes
  3 manticores
  3 black mambas
  6 will-o-the-wisps
  A centaur zombie (D:10)
  23 elephants
  17 cane toads
  A torpor snail (Lair:6)
  An unseen horror (D:10)
  2 kobold demonologists
  4 freezing wraiths
  11 komodo dragons
  A rime drake (Lair:3)
  A demonic crawler (Spider:1)
  3 efreet
  3 meliai (D:15)
  4 entropy weaver simulacra (IceCv)
  6 very ugly thing simulacra (IceCv)
  7 trolls
  2 jumping spiders (Lair:4)
  23 blink frogs
  8 hornets
  4 polar bears
  6 tyrant leeches
  32 slime creatures
  2 dream sheep (Lair:4)
  2 shadows (D:11)
  8 redbacks
  3 tarantellas (Lair:4)
  4 wyverns
  A redback (shapeshifter) (D:15)
  2 wraiths
  3 vampires
  3 basilisks
  51 yaks
  2 steam dragons
  3 fire elementals
  5 vampire mosquitoes
  23 swamp worms
  3 demonic crawler simulacra (IceCv)
  15 water moccasins
  2 hell hounds (D:13)
  13 swamp drakes
  3 wargs (Orc:2)
  5 acid dragons
  An ice beast (D:7)
  3 black bears
  An ugly thing simulacrum (IceCv)
  10 orc warriors
  2 necrophages
  6 ogres
  24 wolves
  13 centaurs
  A phantom (D:5)
  2 kobold brigands
  Blork the orc (D:6)
  13 bullfrogs
  A gnoll sergeant (Orc:1)
  4 scorpions
  2 water moccasin skeletons
  3 wights (D:9)
  3 electric eels
  5 howler monkeys
  A jelly (shapeshifter) (D:13)
  5 jellies
  3 hounds
  33 orc priests
  Jessica (D:2)
  A scorpion zombie (D:5)
  4 iguanas
  Natasha (D:2)
  16 orc wizards
  A hound zombie (D:5)
  5 howler monkey zombies
  5 gnolls (Orc:1)
  8 adders
  A shadow imp (D:6)
  A white imp (D:7)
  An adder skeleton (D:4)
  2 dart slugs
  90 orcs
  9 ball pythons
  10 endoplasms
  3 giant cockroaches
  8 goblins
  6 hobgoblins
  8 jackals
  3 quokkas (D:1)
  3 bats
  A frilled lizard (D:1)
  18 kobolds
  4 rats
  A briar patch (Swamp:4)
837 creatures vanquished.

Vanquished Creatures (collateral kills)
  2 hydras
  A swamp dragon (Swamp:1)
  2 slime creatures
  5 dream sheep (Lair:4)
  A spriggan (Swamp:1)
  A bullfrog (Lair:2)
12 creatures vanquished.

Vanquished Creatures (others)
  A goliath frog (Swamp:1)
  A swamp dragon (Swamp:4)
  4 bloated husks
  A swamp drake (Swamp:4)
  A centaur (D:11)
  4 briar patches (Swamp:4)
  48 foxfires
  35 fungi
  121 plants
  5 starspawn tentacles (Swamp:2)
221 creatures vanquished.

Grand Total: 1070 creatures vanquished

Notes
Turn   | Place    | Note
-------+----------+-------------------------------------------
     0 | D:1      | browni3141 the Demigod Fighter began the quest for the Orb.
     0 | D:1      | Reached XP level 1. HP: 18/18 MP: 3/3
   503 | D:1      | Reached XP level 2. HP: 24/25 MP: 4/4
   541 | D:1      | Reached skill level 1 in Dodging
  1204 | D:1      | Reached XP level 3. HP: 29/31 MP: 5/5
  1418 | D:2      | Noticed Jessica
  1687 | D:2      | Noticed Natasha
  1691 | D:2      | Killed Natasha
  2268 | D:3      | Reached XP level 4. HP: 36/38 MP: 6/6
  3092 | D:2      | Killed Jessica
  3438 | D:4      | Noticed a black bear
  3594 | D:4      | Reached XP level 5. HP: 35/46 MP: 7/7
  3736 | D:4      | Identified the +5 scale mail of the Eleven Tables {Contam
                  | Rampage Regen+}
  3890 | D:4      | Killed a black bear
  3891 | D:4      | Reached skill level 1 in Maces & Flails
  3921 | D:4      | Noticed a necrophage
  3933 | D:4      | Killed a necrophage
  3934 | D:4      | Reached XP level 6. HP: 52/52 MP: 8/8
  4138 | D:5      | Entered Level 5 of the Dungeon
  4459 | D:5      | Reached XP level 7. HP: 53/60 MP: 9/9
  4771 | D:5      | Reached skill level 5 in Fighting
  4771 | D:5      | Reached skill level 5 in Armour
  5374 | D:6      | Noticed Blork the orc
  5390 | D:6      | Killed Blork the orc
  5502 | D:6      | Reached XP level 8. HP: 69/69 MP: 10/10
  5641 | D:6      | Found a staircase to the Ecumenical Temple.
  6082 | D:7      | Reached skill level 5 in Dodging
  6113 | D:7      | Reached skill level 1 in Evocations
  6206 | D:7      | Noticed Harold
  7117 | D:7      | Found Hemungi's Hydra Hut.
  7122 | D:7      | Noticed an eight-headed hydra
  7343 | D:8      | Reached XP level 9. HP: 67/75 MP: 11/11
  7811 | D:8      | Reached skill level 5 in Maces & Flails
  8272 | D:6      | Killed Harold
  8631 | D:9      | Noticed a death yak
  8632 | D:9      | Noticed a death yak
  8724 | D:9      | Noticed a death yak
  8919 | D:9      | Found a staircase to the Lair.
  8989 | D:10     | Entered Level 10 of the Dungeon
  8989 | D:10     | Found Dohack's Magic Scroll Shoppe.
  8992 | D:10     | Bought 3 scrolls of identify for 102 gold pieces
  8995 | D:10     | Bought a scroll of magic mapping for 59 gold pieces
  8995 | D:10     | Bought a scroll of amnesia for 59 gold pieces
  8995 | D:10     | Bought a scroll of identify for 34 gold pieces
  9093 | Lair:1   | Entered Level 1 of the Lair of Beasts
  9328 | Lair:1   | Reached XP level 10. HP: 86/86 MP: 13/13
  9416 | Lair:1   | Noticed an eight-headed hydra
  9972 | Lair:1   | Found a large runed translucent door.
  9973 | Lair:1   | Found a large runed translucent door.
  9974 | Lair:1   | Noticed Redcow54321's ghost (novice TrFi)
 10021 | Lair:1   | Noticed a seven-headed hydra
 10199 | Lair:1   | Reached skill level 5 in Evocations
 10734 | Lair:1   | Reached skill level 1 in Crossbows
 11526 | D:10     | Noticed a two-headed ogre
 11552 | D:9      | Killed a two-headed ogre
 12461 | D:11     | Noticed a catoblepas
 12461 | D:11     | Noticed a manticore
 12500 | D:11     | Noticed a two-headed ogre
 13054 | D:11     | Killed a two-headed ogre
 13055 | D:11     | Reached XP level 11. HP: 66/95 MP: 14/14
 13313 | D:11     | Noticed Nergalle
 13340 | D:11     | Killed Nergalle
 13463 | D:11     | Noticed a four-headed hydra
 13702 | D:11     | Killed a catoblepas
 13720 | D:11     | Killed a four-headed hydra
 14969 | D:12     | Found a staircase to the Orcish Mines.
 15883 | Orc:1    | Entered Level 1 of the Orcish Mines
 15883 | Orc:1    | Noticed Fannar
 16039 | D:13     | Noticed a deep elf pyromancer
 16049 | D:13     | Killed a deep elf pyromancer
 16300 | D:13     | Noticed a harpy
 16394 | D:13     | Reached XP level 12. HP: 70/104 MP: 15/15
 16477 | D:13     | Noticed a seven-headed hydra
 16710 | D:13     | Found a gate to the Vaults.
 16767 | D:13     | Noticed a boulder beetle
 16781 | D:13     | Killed a boulder beetle
 16782 | D:13     | Reached skill level 5 in Crossbows
 16935 | D:13     | Noticed a centaur warrior
 16944 | D:13     | Noticed a boulder beetle
 16950 | D:13     | Killed a centaur warrior
 17114 | D:13     | Killed a seven-headed hydra
 17307 | D:13     | Killed a boulder beetle
 17394 | D:14     | Noticed a catoblepas
 17472 | D:13     | Killed a catoblepas
 17782 | D:14     | Noticed Azrael
 17872 | D:14     | Killed Azrael
 18283 | Lair:2   | Reached skill level 10 in Fighting
 18283 | Lair:2   | Reached skill level 10 in Armour
 18396 | Lair:2   | Killed an eight-headed hydra
 18653 | Lair:2   | Reached XP level 13. HP: 94/113 MP: 16/16
 19039 | Lair:2   | Identified a scroll of acquirement
 19909 | Lair:2   | Acquired the ring "Lillopt Jiek" {rF+ rN++ MP-9 Str+5}
 20027 | Lair:3   | Reached skill level 10 in Dodging
 20401 | Lair:3   | Found a staircase to the Swamp.
 20893 | Lair:4   | Noticed a dire elephant
 21391 | Lair:4   | Found a hole to the Spider Nest.
 21602 | Lair:4   | Found a runed translucent door.
 21603 | Lair:4   | Noticed Xutikh's ghost (journeyman SpCA)
 21791 | Lair:4   | Killed a dire elephant
 22118 | Lair:4   | Noticed a dire elephant
 22166 | Lair:4   | Killed a dire elephant
 22725 | Lair:5   | Reached XP level 14. HP: 110/122 MP: 8/17
 23017 | Lair:6   | Entered Level 6 of the Lair of Beasts
 23318 | Lair:6   | Identified the +7 quarterstaff of Ejaykusy {freeze, rCorr
                  | Str+2}
 23809 | Lair:6   | Found a staircase to the Slime Pits.
 24131 | Lair:6   | Reached skill level 10 in Maces & Flails
 25112 | Lair:6   | Identified the ring "Fachegust" {Wiz rPois rF+ Str+6 Dex-5}
 25257 | Swamp:1  | Entered Level 1 of the Swamp
 25884 | Swamp:1  | Reached skill level 10 in Evocations
 26555 | Swamp:1  | Reached XP level 15. HP: 129/132 MP: 9/18
 26943 | Swamp:2  | Noticed Mlioglotl
 27336 | Swamp:2  | Found a frozen archway.
 27345 | IceCv    | Entered an ice cave
 28924 | IceCv    | Noticed an azure jelly
 29045 | IceCv    | Noticed an azure jelly
 29053 | IceCv    | Noticed an azure jelly
 29057 | IceCv    | Killed an azure jelly
 29087 | IceCv    | Killed an azure jelly
 29137 | IceCv    | Noticed an azure jelly
 29137 | IceCv    | Noticed a rockslime
 29173 | IceCv    | Killed an azure jelly
 29511 | IceCv    | Killed a rockslime
 29566 | IceCv    | Got the ring of Nyiwuc {rC+ Int+4}
 29674 | Swamp:2  | Noticed a tentacled starspawn
 29987 | Swamp:4  | Entered Level 4 of the Swamp
 30971 | Swamp:4  | Noticed a thorn hunter
 31402 | Swamp:4  | Killed a thorn hunter
 31556 | Swamp:3  | Reached skill level 10 in Crossbows
 32368 | Swamp:4  | Noticed a thorn hunter
 32906 | Lair:3   | Gained mutation: You are dopey. (Int -2) [mutagenic glow]
 33096 | Orc:1    | Killed Fannar
 33449 | Orc:1    | Found Igauto's Assorted Antiques.
 33569 | Orc:2    | Entered Level 2 of the Orcish Mines
 33673 | Orc:2    | Noticed Donald
 33681 | Orc:2    | Killed Donald
 34066 | Orc:2    | Found a staircase to the Elven Halls.
 34188 | Orc:2    | Found a flickering gateway to a bazaar.
 34194 | Bazaar   | Entered a bazaar
 34194 | Bazaar   | Found Rool's Antique Weapon Shoppe.
 34194 | Bazaar   | Found Xom Vaen's Distillery.
 34194 | Bazaar   | Found Besh's General Store.
 34196 | Bazaar   | Found Qaolae's General Store.
 34504 | Bazaar   | Bought 3 curare-tipped darts for 19 gold pieces
 34514 | Bazaar   | Bought a potion of heal wounds for 45 gold pieces
 34514 | Bazaar   | Bought 2 potions of haste for 180 gold pieces
 34514 | Bazaar   | Bought a scroll of fear for 31 gold pieces
 34520 | Bazaar   | Bought a potion of curing for 45 gold pieces
 34520 | Bazaar   | Bought a potion of curing for 45 gold pieces
 34520 | Bazaar   | Bought a potion of lignification for 45 gold pieces
 34520 | Bazaar   | Bought a potion of curing for 45 gold pieces
 34520 | Bazaar   | Bought a potion of resistance for 150 gold pieces
 34520 | Bazaar   | Bought a potion of heal wounds for 75 gold pieces
 34520 | Bazaar   | Bought a potion of might for 60 gold pieces
 34520 | Bazaar   | Bought a potion of curing for 45 gold pieces
 34546 | Orc:2    | Reached XP level 16. HP: 130/141 MP: 10/19
 34808 | Orc:2    | Found Voarim's Armour Boutique.
 34808 | Orc:2    | Found Viarathri's Jewellery Emporium.
 35754 | Orc:2    | Found Feomiecu's Book Boutique.
 35754 | Orc:2    | Found Heip Raz's Book Emporium.
 35799 | Orc:2    | Bought the +0 pair of gloves of Gluttony {rPois Will+} for
                  | 298 gold pieces
 37152 | D:15     | Entered Level 15 of the Dungeon
 38216 | D:15     | Found a staircase to the Depths.
 38705 | D:10     | Bought 2 scrolls of acquirement for 1768 gold pieces
 38705 | D:10     | Acquired a +1 pair of boots of stealth
 38718 | D:10     | Acquired the +2 hood of the Assassin {Detection Stab+
                  | Stlth++}
 38718 | D:10     | Found the +2 hood of the Assassin {Detection Stab+ Stlth++}
 39008 | Swamp:2  | Noticed a tentacled starspawn
 39277 | Swamp:1  | Killed Mlioglotl
 41420 | Swamp:4  | Got a decaying rune of Zot
 41853 | Spider:1 | Entered Level 1 of the Spider Nest
 42190 | Lair:4   | HP: 6/144 [entropy weaver (8)]
 42191 | Lair:4   | HP: 2/216 [redback (3)]
 42192 | Lair:4   | Succumbed to a redback's poison

Illustrated notes

Levels and vault maps discovered:
D:1:      lemuel_arrival_funnel, layout_rooms, basic_ecumenical_altar,
          minmay_pentomino_w4
D:2:      layout_loops_corners, item_on_display_a, uniq_natasha, uniq_jessica
D:3:      layout_loops_ring, chequers_decorated_corner, minivault_14,
          minmay_misc_feat_iff
D:4:      layout_basic
D:5:      layout_basic, general_overflow_altar, serial_rivers,
          chequers_serial_rivers_micro_c, chequers_serial_rivers_marsh,
          chequers_serial_rivers_micro_d, chequers_serial_rivers_micro_b,
          chequers_serial_rivers_micro_a, chequers_serial_rivers_small_b
D:6:      layout_loops_ring, minmay_temple_entry_fiery, serial_glass,
          glass_columns_b, glass_columns_a, glass_columns_c, glass_columns_c,
          glass_columns_b, glass_columns_a, glass_columns_a, glass_columns_a,
          glass_columns_a, glass_columns_a, uniq_blork_the_orc
D:7:      minmay_angry_zag, layout_rooms, doesnt_shop_hydraphobe, uniq_harold
D:8:      layout_basic, kennysheep_generic_room_4
D:9:      layout_irregular_city, dpeg_lair_monsters
D:10:     layout_roguey [special_room_orc], serial_shops, nicolae_stop_n_shop_1
D:11:     nzn_motion_control, layout_basic, uniq_nergalle
D:12:     layout_basic, orc_0_dummy
D:13:     layout_loops_ring, david_vaults_1, minmay_joined_circles
D:14:     layout_big_octagon, infiniplex_staircase_star, serial_column_ruins,
          column_ruins_corridor_straight, column_ruins_grid_3,
          column_ruins_grid_1, column_ruins_grid_3, uniq_azrael
D:15:     grunt_enter_depths_snipers, layout_basic, serial_glass,
          glass_columns_b, glass_columns_a, nicolae_ru_awakened_eye
Lair:1:   layout_long_grid, ebering_ghost_disaster_area
Lair:2:   nzn_winding_woodlands_three_and_one
          [nzn_winding_woodlands_5x15_garden, nzn_winding_woodlands_5x15_twine,
          nzn_winding_woodlands_5x15_crooked,
          nzn_winding_woodlands_center_triple_pond], layout_hall_layers
Lair:3:   layout_roguey, swamp_mist_pool, minmay_stone_trees_small,
          infiniplex_staircase_pool_2
Lair:4:   beast_lair_carwin_large_1, layout_regular_city,
          spider_nest_entry_funnel_web, ebering_ghost_xom, tgw_fedhas,
          lemuel_fruit_fields
Lair:5:   layout_roguey, grunt_megastairs_2
Lair:6:   grunt_lair_end_beastmaster, layout_misc_corridors,
          nicolae_slime_entry_slimehenge, minivault_25, serial_bayou_shore_b
Swamp:1:  layout_falls_marsh, evilmike_swamp_ruin_rubble_1, swamp_pool2,
          nicolae_swamp_small_spring
Swamp:2:  layout_basic_swamp, portal_ice_cave_entry_frozen_things,
          evilmike_swamp_ruin_house_4, swamp_pool5, uniq_mlioglotl
Swamp:3:  layout_basic_swamp, nicolae_swamp_very_dense_foliage
Swamp:4:  swamp_basic_johnstein, layout_basic_swamp, nicolae_swamp_no_escape
Spider:1: layout_spider_delve
Orc:1:    layout_caves, basic_altar, serial_shops, nicolae_shop_crystal,
          uniq_fannar
Orc:2:    st_orc_town, layout_diamond_mine, basic_altar, serial_shops,
          bzr_entry_safe, uniq_donald

Skill      XL: |  1  2  3  4  5  6  7  8  9 10 11 12 13 14 15 16 |
---------------+-------------------------------------------------+-----
Fighting       | 3 4 5 6 7 8 9 10 11 12 13 | 13.5
Armour         | 3 4 5 6 7 8 9 10 11 12 13 | 13.5
Dodging        | 1 2 3 4 5 6 7 8 9 10 11 12 13 | 13.3
Maces & Flails | 1 2 3 4 5 7 8 9 10 11 12 | 12.4
Evocations     | 2 4 5 6 7 9 10 | 10.0
Crossbows      | 2 4 6 7 8 10 11 | 11.2
Long Blades    | |  1.7
Shields        | |  2.6

Action                   |  1- 3 |  4- 6 |  7- 9 | 10-12 | 13-15 | 16-18 || total
-------------------------+-------+-------+-------+-------+-------+-------++-------
Melee: Long sword        |    91 |       |       |       |       |       ||    91
       Mace              |    29 |   136 |   466 |   285 |   109 |       ||  1025
       Morningstar       |       |       |       |   710 |  2196 |       ||  2906
       Scimitar          |       |       |       |    14 |       |       ||    14
       Eveningstar       |       |       |       |       |    82 |   634 ||   716
Throw: Dart              |       |     5 |    18 |    53 |     4 |       ||    80
 Abil: Evoke Invisibilit |       |       |       |     3 |       |       ||     3
Evoke: Wand              |       |       |       |     6 |    65 |     3 ||    74
       Box of beasts     |       |       |       |     3 |     4 |     1 ||     8
       Phial of floods   |       |       |       |       |       |     1 ||     1
  Use: Scroll            |       |     2 |    12 |     4 |    31 |     9 ||    58
       Potion            |       |     1 |     2 |     1 |    15 |    14 ||    33
 Stab: Invisible         |       |       |       |     5 |       |       ||     5
       Petrified         |       |       |       |     3 |       |       ||     3
       Paralysed         |       |       |       |    10 |    20 |       ||    30
       Confused          |       |       |       |       |     2 |       ||     2
       Distracted        |       |       |       |       |     2 |       ||     2
       Fleeing           |       |       |       |       |       |     2 ||     2
Armor: Scale mail        |    64 |    52 |   216 |   476 |   669 |       ||  1477
       Chain mail        |    13 |    49 |       |       |       |       ||    62
       Crystal plate arm |       |       |       |       |   109 |   376 ||   485
       Skin              |       |       |       |       |     4 |     5 ||     9
Dodge: Dodged            |    54 |    75 |   245 |   756 |  1708 |   356 ||  3194
Block: Buckler           |    34 |    47 |   124 |   529 |  1835 |   477 ||  3046
       Reflection        |       |       |       |     8 |    12 |    14 ||    34

Table legend: (Time is in decaauts)
 A = Elapsed time spent in this place.
 B = Non-inter-level travel time spent in this place.
 C = Inter-level travel time spent in this place.
 D = Time resting spent in this place.
 E = Time spent auto-exploring this place.
 F = Levels seen in this place.
 G = Mean time per level.
                   A        B        C        D        E       F      G
               +--------+--------+--------+--------+--------+-----+--------+
         Total |  42980 |  39297 |   3683 |   7966 |  19615 |  30 | 1432.7 |
       Dungeon |  19837 |  17607 |   2230 |   2392 |  10520 |  15 | 1322.5 |
          Lair |   9743 |   8842 |    901 |    963 |   4847 |   6 | 1623.8 |
         Swamp |   8266 |   7778 |    488 |   3272 |   2262 |   4 | 2066.5 |
   Spider Nest |     68 |     68 |      0 |      9 |     12 |   1 |   68.0 |
  Orcish Mines |   2455 |   2394 |     61 |    436 |   1217 |   2 | 1227.5 |
        Bazaar |    337 |    337 |      0 |      0 |    297 |   1 |  337.0 |
      Ice Cave |   2271 |   2271 |      0 |    893 |    459 |   1 | 2271.0 |
               +--------+--------+--------+--------+--------+-----+--------+

Top non-repeatable levels by time:
 Swamp:4: 3127 daAuts
 Swamp:1: 2416 daAuts
   IceCv: 2271 daAuts
    D:12: 2095 daAuts
  Lair:6: 2042 daAuts
  Lair:1: 1966 daAuts
    D:13: 1810 daAuts
  Lair:4: 1804 daAuts
    D:10: 1780 daAuts
 Swamp:3: 1776 daAuts
  Lair:2: 1721 daAuts
   Orc:2: 1687 daAuts
     D:1: 1636 daAuts
     D:9: 1608 daAuts
     D:8: 1499 daAuts
